 Dungeon Crawl Stone Soup version 0.20-a0-673-g53087c7 (webtiles) character file.

7036 Laan the Destroyer (level 11, -21/54 HPs)
             Began as a Gargoyle Fire Elementalist on Feb 18, 2017.
             Was a Believer of Vehumet.
             Demolished by a two-headed ogre
             ... wielding a +0 giant spiked club
              (24 damage)
             ... on level 9 of the Dungeon on Feb 19, 2017.
             The game lasted 00:37:20 (10686 turns).

Laan the Destroyer (Gargoyle Fire Elementalist)    Turns: 10686, Time: 00:37:21

Health: -21/54     AC:  9    Str: 13    XL:     11   Next: 9%
Magic:  13/24      EV: 12    Int: 18    God:    Vehumet [**....]
Gold:   373        SH:  0    Dex: 15    Spells: 15/28 levels left

rFire    + + .     SeeInvis +   W - +7 war axe "Yddoedgh" {freeze, rC+ rN+ SInv}
rCold    + . .     Gourm    .   a - +0 robe
rNeg     + + +     Faith    .   (no shield)
rPois    ∞         Spirit   .   C - -2 hat of the Alchemist {rElec rPois rF+ rC+ rN+ MR+ rMut rCorr}
rElec    +         Reflect  .   (no cloak)
rCorr    +         Harm     .   (no gloves)
rMut     +                      g - +1 pair of boots
MR       +....                  (no amulet)
Stlth    +.........             m - ring of fire
Regen    0.2/turn               w - +5 ring of dexterity
MPRegen  0.2/turn

@: confused
A: negative energy resistance 1, electricity resistance, unbreathing,
petrification resistance, rot immunity, AC +7
a: Renounce Religion


You were on level 9 of the Dungeon.
You worshipped Vehumet.
Vehumet was pleased with you.
You were not hungry.

You visited 2 branches of the dungeon, and saw 10 of its levels.

You collected 373 gold pieces.

Inventory:

Hand Weapons
 e - a +2 mace of holy wrath
 I - a +1 whip of freezing
 O - a +2 vampiric short sword
 Q - a +1 war axe of electrocution
 W - the +7 war axe "Yddoedgh" (weapon) {freeze, rC+ rN+ SInv}
   (You found it on level 8 of the Dungeon)

   It has been specially enchanted to freeze those struck by it, causing extra
   injury to most foes and up to half again as much damage against particularly
   susceptible opponents.
   It can also slow down cold-blooded creatures.
   It protects you from cold.
   It protects you from negative energy.
   It lets you see invisible.
Missiles
 v - 8 poisoned javelins (quivered)
Armour
 a - a +0 robe (worn)
 g - a +1 pair of boots (worn)
 C - the -2 hat of the Alchemist (worn) {rElec rPois rF+ rC+ rN+ MR+ rMut rCorr}
   (You found it on level 4 of the Dungeon)

   It protects you from fire.
   It protects you from cold.
   It insulates you from electricity.
   It protects you from poison.
   It protects you from negative energy.
   It affects your resistance to hostile enchantments.
   It protects you from acid and corrosion.
   It protects you from mutation.
 P - a +0 pair of boots
Jewellery
 h - an uncursed ring of stealth
 j - a +3 ring of slaying
 m - a ring of fire (right hand)
 w - a +5 ring of dexterity (left hand)
 F - a +4 ring of dexterity
Wands
 u - a wand of lightning (6/15)
 J - a wand of random effects (8/48)
 U - a wand of confusion (21/48)
Scrolls
 d - 10 scrolls of identify
 i - 4 scrolls of amnesia
 k - 8 scrolls of remove curse
 o - 3 scrolls of enchant armour
 q - a scroll of noise {unknown}
 D - a scroll of enchant weapon
 E - 2 scrolls of recharging
 G - a scroll of teleportation {unknown}
 H - a scroll of immolation {unknown}
 L - a scroll of acquirement {unknown}
 M - a scroll of fog {unknown}
Potions
 l - 2 potions of mutation {unknown}
 n - 2 potions of brilliance {unknown}
 r - 2 potions of magic {unknown}
 s - 5 potions of curing {unknown}
 t - 3 potions of flight {unknown}
 x - a potion of haste {unknown}
 z - 3 potions of lignification {unknown}
 A - 2 potions of cancellation {unknown}
 B - 2 potions of resistance {unknown}
 K - 2 potions of degeneration {unknown}
 N - 2 potions of berserk rage {unknown}
 S - a potion of agility {unknown}
Books
 b - a book of Flames

   Spells                             Type                      Level
   a - Flame Tongue                   Conjuration/Fire             1
   b - Throw Flame                    Conjuration/Fire             2
   c - Conjure Flame                  Conjuration/Fire             3
   d - Inner Flame                    Hexes/Fire                   3
   e - Sticky Flame                   Conjuration/Fire             4
   f - Fireball                       Conjuration/Fire             5
 y - a book of Necromancy

   Spells                             Type                      Level
   a - Pain                           Necromancy                   1
   b - Animate Skeleton               Necromancy                   1
   c - Vampiric Draining              Necromancy                   3
   d - Regeneration                   Charms/Necromancy            3
   e - Animate Dead                   Necromancy                   4
   f - Control Undead                 Necromancy                   4
Comestibles
 c - 4 bread rations
 f - 7 meat rations
 p - a chunk of flesh
 R - 3 fruits
 V - 9 royal jellies


   Skills:
 - Level 1.5 Dodging
 - Level 2.1 Stealth
 + Level 9.1 Spellcasting
 * Level 14.2 Conjurations
 - Level 3.0 Fire Magic


You had 15 spell levels left.
You knew the following spells:

 Your Spells              Type           Power        Failure   Level  Hunger
a - Flame Tongue          Conj/Fire      #####        1%          1    None
b - Conjure Flame         Conj/Fire      ######..     1%          3    None
c - Sticky Flame          Conj/Fire      ######..     2%          4    ###....
d - Fireball              Conj/Fire      ######....   10%         5    #####..


Dungeon Overview and Level Annotations

Branches:
Dungeon (9/15)             Temple (1/1) D:5
   Lair: D:8-11         Orc: D:9-12

Altars:
Ashenzari
Cheibriados
Dithmenos
Elyvilon
Fedhas
Gozag
Hepliaklqana
Kikubaaqudgha
Makhleb
Nemelex Xobeh
Qazlal
Ru
Sif Muna
Trog
Uskayaw
Vehumet
Xom
Yredelemnul
Zin
The Shining One

Shops:
D:7 **


Innate Abilities, Weirdness & Mutations

You are resistant to torment.
Your stone body is resilient. (AC +7)
You are immune to poison.
You resist negative energy. (rN+)
You are resistant to electric shocks. (rElec)
You can survive without breathing.
You are immune to petrification.
You are immune to rotting.


Message History

The two-headed ogre hits you with a giant spiked club.
The two-headed ogre completely misses you.
A quasit comes into view.
You hit the two-headed ogre. You freeze the two-headed ogre.
The two-headed ogre is lightly wounded.
You hit the scorpion. You freeze the scorpion.
The scorpion stings you but does no damage.
The two-headed ogre hits you with a giant spiked club!
The two-headed ogre hits you with a giant club!
* * * LOW HITPOINT WARNING * * *
The scorpion barely misses you.
A quokka zombie comes into view.
You're too confused!
You bump into the rock wall.
The quasit bites you but does no damage.
The quasit barely misses you. The quasit closely misses you.
The two-headed ogre hits you with a giant spiked club.
* * * LOW HITPOINT WARNING * * *
The two-headed ogre hits you with a giant club!!
You die...

............#+######...#....##
........†.†............#...<.#
..####'###..........###.....#
#..(...#..#######.#.......#
#...'......+..# #.#...<...#
#...#)........# #.#.......#
#.. #....###.s## #.#######.# #
#..†##...5O## #.<.....#.'
#...#....#@.# #.......###
...$#....#..#####...[....).
.?####..$##Z.........))..###
..### ..####.......).# ... ...
#.........# .. .#..
+.....)...# .'.. #.........#
#.#### #.........###
.....(........


You could see a two-headed ogre, a scorpion, a quasit and a quokka zombie.

Vanquished Creatures
  A two-headed ogre (D:8)
  Pikel (D:5)
  The ghost of loom the Chopper, an amateur MiBe of Trog (D:4)
  2 hornets (D:8)
  2 hippogriffs
  Sigmund (D:4)
  A tarantella (shapeshifter) (D:9)
  Grum (D:8)
  Menkaure (D:4)
  2 soldier ants (D:8)
  3 orc warriors (D:8)
  3 ice beasts
  3 sky beasts
  A phantom (D:6)
  An ogre (D:4)
  A slave (D:5)
  3 wolves (D:8)
  7 centaurs
  6 bullfrogs
  A gnoll sergeant (D:7)
  A scorpion (D:4)
  6 killer bees (D:8)
  4 wights (D:6)
  2 howler monkeys
  4 crimson imps
  2 bullfrog zombies
  A quasit (D:5)
  3 bullfrog skeletons
  3 hounds
  6 orc priests
  Jessica (D:2)
  2 iguanas
  8 orc wizards
  10 worker ants
  Robin (D:4)
  4 gnolls (D:7)
  6 adders
  A howler monkey skeleton (D:8)
  5 shadow imps
  3 oozes
  2 adder skeletons (D:7)
  An adder zombie (D:9)
  2 worms
  A dart slug (D:1)
  7 leopard geckos
  14 orcs
  2 ball pythons
  7 giant cockroaches
  15 goblins
  8 hobgoblins
  11 jackals
  4 quokkas
  7 bats
  6 frilled lizards
  9 kobolds
  A leopard gecko skeleton (D:5)
  A quokka skeleton (D:5)
  8 rats
  A spectral orc (D:7)
  A fungus (D:5)
223 creatures vanquished.

Vanquished Creatures (others)
  A slave (D:5)
  A jelly (D:5)
  An adder (D:5)
3 creatures vanquished.

Grand Total: 226 creatures vanquished

Notes
Turn   | Place    | Note
-------+----------+-------------------------------------------
     0 | D:1      | Laan the Gargoyle Fire Elementalist began the quest for the Orb.
     0 | D:1      | Reached XP level 1. HP: 10/10 MP: 3/3
   188 | D:1      | Reached XP level 2. HP: 14/15 MP: 0/5
   201 | D:1      | Reached skill level 2 in Conjurations
   873 | D:1      | Reached XP level 3. HP: 19/19 MP: 4/6
  1236 | D:2      | Noticed Jessica
  1244 | D:2      | Killed Jessica
  1244 | D:2      | Reached skill level 3 in Conjurations
  1446 | D:2      | Reached XP level 4. HP: 24/24 MP: 6/8
  2325 | D:3      | Learned a level 3 spell: Conjure Flame
  2330 | D:3      | Learned a level 4 spell: Sticky Flame
  2625 | D:3      | Reached XP level 5. HP: 28/28 MP: 2/9
  2688 | D:3      | Found an ancient bone altar of Kikubaaqudgha.
  2688 | D:3      | Found a blossoming altar of Fedhas.
  2961 | D:3      | Reached skill level 4 in Conjurations
  3020 | D:4      | Noticed Menkaure
  3024 | D:4      | Killed Menkaure
  3024 | D:4      | Reached skill level 5 in Conjurations
  3024 | D:4      | Reached XP level 6. HP: 30/32 MP: 5/11
  3154 | D:4      | Noticed loom's ghost (amateur MiBe)
  3200 | D:4      | Killed loom's ghost
  3200 | D:4      | Reached skill level 6 in Conjurations
  3200 | D:4      | Reached XP level 7. HP: 33/36 MP: 1/13
  3607 | D:4      | Reached skill level 7 in Conjurations
  3811 | D:4      | Noticed Sigmund
  3823 | D:4      | Killed Sigmund
  3823 | D:4      | Reached skill level 5 in Spellcasting
  3823 | D:4      | Reached XP level 8. HP: 24/41 MP: 9/15
  4055 | D:4      | Noticed Robin
  4101 | D:4      | Killed Robin
  4289 | D:4      | Reached skill level 8 in Conjurations
  4537 | D:5      | Entered Level 5 of the Dungeon
  4677 | D:5      | Found a staircase to the Ecumenical Temple.
  4688 | Temple   | Entered the Ecumenical Temple
  4833 | D:5      | Found a stormy altar of Qazlal.
  4979 | D:5      | Reached skill level 9 in Conjurations
  5283 | D:5      | Noticed Pikel
  5293 | D:5      | Killed Pikel
  5293 | D:5      | Reached skill level 10 in Conjurations
  5293 | D:5      | Reached XP level 9. HP: 45/45 MP: 8/18
  5699 | D:5      | Found a blossoming altar of Fedhas.
  6150 | D:6      | Found a shadowy altar of Dithmenos.
  6178 | D:6      | Found a burning altar of Makhleb.
  6537 | D:6      | Reached skill level 11 in Conjurations
  6919 | D:7      | Found Roamaog's General Store.
  7246 | D:7      | Found a radiant altar of Vehumet.
  7314 | D:7      | Became a worshipper of Vehumet
  7845 | D:7      | Found a shadowy altar of Dithmenos.
  7851 | D:7      | Found Dateij's Assorted Antiques.
  8093 | D:7      | Reached skill level 12 in Conjurations
  8093 | D:7      | Reached XP level 10. HP: 45/50 MP: 9/21
  8196 | D:7      | Found a basalt altar of Yredelemnul.
  8287 | D:8      | Reached * piety under Vehumet
  8287 | D:8      | Offered knowledge of Freeze by Vehumet.
  8397 | D:8      | Found a deep blue altar of Sif Muna.
  8398 | D:8      | Found an opulent altar of Gozag.
  8827 | D:8      | Learned a level 5 spell: Fireball
  9087 | D:8      | Noticed a two-headed ogre
  9100 | D:8      | Killed a two-headed ogre
  9100 | D:8      | Reached skill level 13 in Conjurations
  9274 | D:8      | Noticed Grum
  9294 | D:8      | Killed Grum
  9508 | D:8      | Found a sparkling altar of Nemelex Xobeh.
  9959 | D:8      | Offered knowledge of Sting by Vehumet.
  9974 | D:8      | Reached ** piety under Vehumet
 10291 | D:8      | Got a warped war axe
 10292 | D:8      | Identified the +7 war axe "Yddoedgh" {freeze, rC+ rN+ SInv} (You found it on level 8 of the Dungeon)
 10443 | D:9      | Reached skill level 14 in Conjurations
 10448 | D:9      | Reached XP level 11. HP: 54/54 MP: 7/23
 10666 | D:9      | Noticed a two-headed ogre
 10686 | D:9      | Demolished by a two-headed ogre

Vault maps used:
D:1:      minmay_arrival_loop
D:2:      eino_tiny_chamber, uniq_jessica
D:3:      grunt_temple_overflow_growth_and_decay
D:4:      first_bread, hangedman_abyss_or_decor_stagger, minmay_statues_item,
          kennysheep_donut, kennysheep_generic_room_16, uniq_sigmund,
          uniq_robin, uniq_menkaure
D:5:      nicolae_qazlal_general_emergency, minmay_temple_entry_large_hall,
          fedhas_altar_3, uniq_pikel
D:6:      old_standard_altar, nicolae_dithmenos_shadow_blocks
D:7:      lemuel_round_altar, yredelemnul_forgotten_temple_becter, serial_shops,
          shop, shop, basic_altar
D:8:      old_standard_altar, nicolae_overflow_hidden_temple,
          hangedman_pestilent_swarm, uniq_grum
D:9:      okawaru_trees_1, minmay_bent
Temple:   jpeg_temple_alley_garden

Skill      XL: |  1  2  3  4  5  6  7  8  9 10 11 |
---------------+----------------------------------+-----
Conjurations   | 2 3 5 6 7 10 12 14 | 14.2
Spellcasting   | 3 4 5 6 7 8 9 |  9.1
Dodging        | |  1.5
Stealth        | |  2.1
Fire Magic     | |  3.0

Action                   |  1- 3 |  4- 6 |  7- 9 | 10-12 || total
-------------------------+-------+-------+-------+-------++-------
Melee: Mace              |    24 |    14 |    36 |    12 ||    86
       Unarmed           |     9 |       |       |       ||     9
       Dagger            |     1 |       |       |       ||     1
       War axe           |       |       |       |    32 ||    32
Throw: Javelin           |       |       |     2 |       ||     2
 Cast: Flame Tongue      |    41 |    66 |   258 |   138 ||   503
       Conjure Flame     |       |     2 |     3 |     6 ||    11
       Sticky Flame      |       |       |    21 |    21 ||    42
       Fireball          |       |       |       |     5 ||     5
Evoke: Wand              |       |     4 |       |       ||     4
  Use: Scroll            |       |       |     8 |     1 ||     9
       Potion            |       |       |     2 |     2 ||     4
 Stab: Sleeping          |     1 |       |       |       ||     1
  Eat: Chunk             |     2 |     4 |    15 |    11 ||    32
       Fruit             |       |     1 |       |       ||     1
       Bread ration      |       |       |     1 |       ||     1
Armor: Robe              |    19 |    11 |    47 |    52 ||   129
Dodge: Dodged            |    33 |    29 |    84 |    96 ||   242
